woodfighter, neutral female human Healer ---------- ---- ----- |........| |... -....| |........| ------ |... | |.....>..| ####.....| |... -.--.-.--- ||....######-... # ### |....| |....d ### ## #.....| |{.d@. # ## ###------ --+-- #### # ## # ######################### ## # --.--.-- #### # |......| # # # |.....<. -|--.---# |`.....| |......|# ------- |......|# |......-# -------- woodfighter the Embalmer Experience level: 6 Strength: 12 Dexterity: 8 Constitution: 15 Intelligence: 10 Wisdom: 16 Charisma: 16 Health: 0(49) Energy: 5(45) Def: 0 Gold: 3297 Moves: 3938 Dungeon seed: P5ycfQBBvxBbkSi0 Game ID: woodfighter_1504960716 Your Inventory: Coins $ - 3297 gold pieces Amulets J - an uncursed amulet versus poison Weapons a - a +0 scalpel N - a +0 dwarvish spear Armor e - an uncursed +0 chain mail n - an uncursed +1 pair of leather gloves q - an uncursed +0 pair of water walking boots r - an uncursed +0 helm of brilliance z - an uncursed +0 leather armor Comestibles l - 7 blessed eucalyptus leaves m - a blessed sprig of wolfsbane o - 3 blessed cloves of garlic p - 6 uncursed apples L - 3 uncursed cram rations U - an uncursed food ration W - an uncursed tripe ration Scrolls s - an uncursed scroll of blank paper B - an uncursed scroll of identify I - an uncursed scroll of teleportation K - a blessed scroll of blank paper S - 2 uncursed scrolls of magic mapping Potions T - an uncursed potion of hallucination Rings P - a cursed -1 ring of adornment Wands w - a wand of enlightenment (0:11) Q - a blessed wand of create monster (0:13) Tools b - an uncursed stethoscope y - an uncursed lock pick Spells and supernatural/magical abilities: Name Level Category Fail Memory h - healing 1 healing 0% 81% x - extra healing 3 healing 20% 81% S - stone to flesh 3 healing 35% 81% W - pray for help -- divine ? -- Your skills at the end: Miscellaneous Skills wands [Basic] Weapon Skills knife [Basic] spear [Basic] Spellcasting Skills healing spells [Basic] Final Attributes: You were devoutly aligned. You were poison resistant. You were a werewolf. You are dead. Vanquished creatures: a winter wolf a wolf a werewolf a housecat a dwarf lord a rope golem 2 bugbears a rock piercer a gnome lord 2 gray oozes a ghoul a kitten a homunculus 3 iguanas a rothe a jitterbug an orc zombie 3 dwarf zombies a coyote a gas spore 2 geckos 4 hobgoblins 3 giant rats a yellow mold 3 green molds a red mold 8 manes 3 jackals a fox 5 newts 3 goblins 7 grid bugs 6 lichens 2 kobold zombies 75 creatures vanquished. Voluntary challenges: You did not adorn yourself with jewelry or accessories. You did not cause conflict. You were not invisible. You did not have reflection. You were not displaced. You had been an atheist until turn 3926. You used a wielded weapon 178 times, starting on turn 6. You did not apply a unicorn horn. You did not use plumbed fixtures. You did not drink any magical draughts. You read items or engraved 1 time, starting on turn 2502. You never genocided any monsters. You never polymorphed an object. You changed form 2 times, starting on turn 3923. You used no wishes. You never split a pudding. You never wrote Elbereth's name. You never violated your personal moral code. Dungeon overview: The Dungeons of Doom: levels 1 to 11 Level 1 (box) a long staircase Level 2 a general store, a fountain Level 3 a fountain, a sink Level 4 a fountain, a sink stairs to The Gnomish Mines Level 5 Level 6 (box) Level 7 a fountain Level 8 a fountain, a throne Level 9 many fountains Level 10 <- You were here a fountain Level 11 The Gnomish Mines: Level 5 stairs to The Dungeons of Doom History has recorded: On T:1 you entered the Dungeons of Doom to retrieve the Amulet of Yendor! On T:383 you reached level 2 of The Dungeons of Doom. On T:427 you advanced to experience level 2. On T:488 you reached level 3 of The Dungeons of Doom. On T:986 you reached level 4 of The Dungeons of Doom. On T:1296 you reached level 5 of The Dungeons of Doom. On T:1327 you advanced to experience level 3. On T:1446 you reached level 1 of The Gnomish Mines. On T:1630 you advanced to experience level 4. On T:1643 you reached level 6 of The Dungeons of Doom. On T:2246 you reached level 7 of The Dungeons of Doom. On T:2594 you reached level 8 of The Dungeons of Doom. On T:2906 you reached level 9 of The Dungeons of Doom. On T:2954 you advanced to experience level 5. On T:3259 you reached level 10 of The Dungeons of Doom. On T:3434 you advanced to experience level 6. On T:3768 you reached level 11 of The Dungeons of Doom. On T:3926 you prayed to Hermes. Score breakdown: Gold: 1297 ( 129 points) Experience: 6 levels ( 500 points) Exploration: 11 levels ( 300 points) Discoveries: 14 items ( 700 points) Variety of kills: 34 monsters ( 1700 points) Major goal: (nothing yet) ( 0 points) Survival: died (score multiplied by 3) Total score: 9987 Latest messages: The blast of frost hits the wolf! The wolf is moderately wounded. The blast of frost hits you! The blast of frost hits the wolf! The wolf is moderately wounded. You collapse under your load. The wolf bites! (2x) You return to human form! Your movements are only slowed slightly by your load. You drop a scroll called scare monster. The wolf turns to flee! (3x) The blast of frost hits you! Your bubbly potion freezes and shatters! Your smoky potion freezes and shatters! You hear the howling of the CwnAnnwn... The blast of frost hits the wolf! The wolf is horribly wounded. The wolf is killed by the blast of frost! The wolf turns to flee! (2x) You have a little trouble lifting N - a stout spear. The wolf turns to flee! The blast of frost hits the wolf! The wolf is moderately wounded. The blast of frost hits you! You die... Final status: Goodbye woodfighter the Healer, killed by a blast of frost... You died in The Dungeons of Doom on dungeon level 10 with 9987 points, and 3297 pieces of gold, after 3938 moves. You were level 6 with a maximum of 49 hit points when you died.